 Dungeon Crawl Stone Soup version 0.26-a0-720-g2a1d101370 (webtiles) character file.

Game seed: 10812001992838054047

611106 marklar909 the Fencer (level 26, -22/254 HPs)
             Began as a Grey Draconian Conjurer on Nov 2, 2020.
             Was an Initiate of Gozag.
             Killed from afar by a quicksilver dragon (45 damage)
             ... with a bolt of dispelling energy
             ... on level 5 of the Vaults on Nov 3, 2020.
             The game lasted 04:57:07 (110546 turns).

marklar909 the Fencer (Grey Draconian Conjurer)   Turns: 110546, Time: 04:57:08

Health: -22/254    AC: 26    Str: 17      XL:     26   Next: 76%
Magic:  5/34       EV: 24    Int: 20 (21) God:    Gozag
Gold:   1113       SH: 22    Dex: 15      Spells: 18/57 levels left

rFire    + + .     SeeInvis .   K - +7 demon blade (flame)
rCold    + + .     Faith    .   H - +2 shield of Resistance {rF++ rC++ MR++}
rNeg     + + .     Spirit   .   (armour unavailable)
rPois    .         Reflect  +   R - +2 hood of the Assassin {Detection Stab+ Stlth++}
rElec    .         Harm     .   U - +2 cloak {MR+}
rCorr    .         Rampage  .   v - +0 pair of fencer's gloves {Riposte Dex+3}
MR       ++++.                  i - +2 pair of boots {run}
Stlth    +++++++++.             x - amulet of reflection
HPRegen  0.52/turn              O - ring "Ynweimu" {*Corrode +Inv rN+ Stlth+}
MPRegen  0.24/turn              D - ring of Insomnia {Wiz rN+}

@: gold aura, very slightly contaminated, hasted (expiring), very quick
A: walk through water, unfitting armour, antennae 1, low mp 2, robust 1, wild
magic 1, unbreathing, cold-blooded, AC +17
}: 3/15 runes: barnacled, slimy, gossamer
a: Potion Petition, Call Merchant, Bribe Branch, Renounce Religion, Evoke
Invisibility


You were on level 5 of the Vaults.
You worshipped Gozag.
Gozag was most pleased with you.
You visited 11 branches of the dungeon, and saw 53 of its levels.
You visited 1 bazaar.
You also visited: Sewer and Desolation.

You collected 33884 gold pieces.
You spent 7764 gold pieces at shops.
You paid 25007 gold pieces to Gozag.

Inventory:

Hand Weapons
 b - the +6 falchion "Beetleslayer" {holy, Int+4}
   (You found it on level 15 of the Dungeon)

   It has been blessed by the Shining One to cause great damage to the undead
   and demons.
   It affects your intelligence (+4).
 K - a +7 demon blade of flaming (weapon)
Armour
 i - a +2 pair of boots of running (worn)
 v - the +0 pair of fencer's gloves (worn) {Riposte Dex+3}
   (You bought it in a shop on level 5 of the Depths)

   It affects your dexterity (+3).
 H - the +2 shield of Resistance (worn) {rF++ rC++ MR++}
   (You acquired it on level 2 of the Lair of Beasts)

   It greatly protects you from fire.
   It greatly protects you from cold.
   It affects your resistance to hostile enchantments.
 R - the +2 hood of the Assassin (worn) {Detection Stab+ Stlth++}
   (You bought it in a shop on level 11 of the Dungeon)

   It makes you much more stealthy.
 U - a +2 cloak of magic resistance (worn)
Jewellery
 k - the ring of Woleisch {Dex+2 SInv}
   (You bought it in a shop on level 5 of the Depths)

   [ring of see invisible]

   It affects your dexterity (+2).
   It lets you see invisible.
 x - an amulet of reflection (around neck)
 D - the ring of Insomnia (right hand) {Wiz rN+}
   (You found it on level 7 of the Dungeon)

   [ring of wizardry]

   It improves your spell success rate.
   It protects you from negative energy.
 E - an uncursed amulet of regeneration
 F - an uncursed ring of resist corrosion
 O - the ring "Ynweimu" (left hand) {*Corrode +Inv rN+ Stlth+}
   (You took it off an orc wizard on level 7 of the Dungeon)

   [ring of stealth]

   It protects you from negative energy.
   It lets you turn invisible.
   It may corrode you when you take damage.
   It makes you more stealthy.
Wands
 t - a wand of acid (63)
 w - a wand of digging (19)
 W - a wand of iceblast (63)
Scrolls
 c - 16 scrolls of remove curse
 f - 5 scrolls of fog
 j - 20 scrolls of teleportation
 l - a scroll of immolation
 p - 14 scrolls of fear
 q - 26 scrolls of identify
 s - 9 scrolls of amnesia
 J - 8 scrolls of magic mapping
 M - 4 scrolls of blinking
Potions
 a - 2 potions of resistance
 d - 33 potions of curing
 e - 9 potions of brilliance
 g - 9 potions of haste
 h - 20 potions of lignification
 o - 4 potions of magic
 r - 6 potions of berserk rage
 A - 6 potions of might
 G - 9 potions of flight
 L - 7 potions of ambrosia
 N - 9 potions of stabbing
 S - 4 potions of cancellation
 V - 5 potions of mutation
 Y - a potion of heal wounds
Miscellaneous
 n - a box of beasts (3/3)
 u - a condenser vane (2/2)
 y - a phantom mirror
 B - a tin of tremorstones (2/3)
 Q - a lightning rod (4/4)


   Skills:
 + Level 17.7 Fighting
   Level 1.3(12.7) Short Blades
 + Level 18.6(18.7) Long Blades
 - Level 4.1 Throwing
 + Level 16.5 Dodging
 + Level 15.0 Stealth
 + Level 17.4 Shields
 + Level 16.3 Spellcasting
 + Level 14.2 Conjurations
 - Level 6.0 Hexes
 + Level 1.9 Necromancy
 - Level 3.7 Translocations
 + Level 13.4 Transmutations
 + Level 17.1 Earth Magic
 + Level 7.8 Evocations


You had 18 spell levels left.
You knew the following spells:

 Your Spells              Type           Power        Failure   Level
a - Dispel Undead         Necr           ####....     9%          4
c - Dazzling Flash        Conj/Hex       ######       1%          3
d - Fulminant Prism       Conj/Hex       ######....   1%          4
e - Iskenderun's Mystic   Conj/Tloc      ######..     1%          4
f - Blink                 Tloc           N/A          1%          2
g - Irradiate             Conj/Tmut      #######...   1%          5
h - Lee's Rapid Deconstr  Erth           #######...   1%          5
i - Iron Shot             Conj/Erth      #######...   1%          6
j - Statue Form           Tmut/Erth      #######..    1%          6

Your spell library contained the following spells:

 Spells                   Type           Power        Failure   Level
 Animate Skeleton         Necr           ####..       1%          1
 Apportation              Tloc           #####.       1%          1
 Beastly Appendage        Tmut           ######       1%          1
 Corona                   Hex            ######.      1%          1
 Foxfire                  Conj/Fire      ####         1%          1
 Magic Dart               Conj           ####         1%          1
 Pain                     Necr           ####         1%          1
 Sandblast                Erth           ######       1%          1
 Shock                    Conj/Air       ####         1%          1
 Sting                    Tmut/Pois      ####         1%          1
 Ensorcelled Hibernation  Hex/Ice        #####.       1%          2
 Passwall                 Tmut/Erth      #######.     1%          2
 Searing Ray              Conj           ######       1%          2
 Slow                     Hex            ######..     1%          2
 Sublimation of Blood     Necr           ####......   1%          2
 Wereblood                Tmut           ######..     1%          2
 Confusing Touch          Hex            ######..     1%          3
 Conjure Flame            Conj/Fire      ######..     1%          3
 Gell's Gravitas          Tloc           #####.....   1%          3
 Ignite Poison            Fire/Tmut/Pois #####...     1%          3
 Lesser Beckoning         Tloc           #####.....   1%          3
 Mephitic Cloud           Conj/Pois/Air  #####...     1%          3
 Portal Projectile        Hex/Tloc       #####.       1%          3
 Spider Form              Tmut/Pois      ######....   1%          3
 Static Discharge         Conj/Air       ######..     1%          3
 Stone Arrow              Conj/Erth      ######       1%          3
 Teleport Other           Tloc           #####...     1%          3
 Tukima's Dance           Hex            ######..     1%          3
 Hailstorm                Conj/Ice       ######..     1%          4
 Ice Form                 Ice/Tmut       ######..     1%          4
 Leda's Liquefaction      Hex/Erth       ######....   1%          4
 Petrify                  Tmut/Erth      #######.     1%          4
 Sticky Flame             Conj/Fire      ######..     1%          4
 Blade Hands              Tmut           ######....   1%          5
 Bolt of Magma            Conj/Fire/Erth ######....   1%          5
 Borgnjor's Vile Clutch   Necr/Erth      ######....   1%          5
 Iskenderun's Battlesphe  Conj           #######.     1%          5
 Yara's Violent Unravell  Hex/Tmut       ######....   1%          5
 Hydra Form               Tmut           ######....   1%          6
 Freeze                   Ice            ###.         2%          1
 Summon Small Mammal      Summ           ###.         2%          1
 Corpse Rot               Necr/Air       N/A          2%          2
 Inner Flame              Hex/Fire       #####...     2%          3
 Summon Guardian Golem    Hex/Summ       #####...     2%          3
 Cause Fear               Hex            ######....   2%          4
 Call Imp                 Summ           ###.....     3%          2
 Poisonous Vapours        Pois/Air       ###...       3%          2
 Swiftness                Air            ###.....     3%          2
 Vampiric Draining        Necr           ####......   3%          3
 Fireball                 Conj/Fire      ######....   3%          5
 Lightning Bolt           Conj/Air       ######....   3%          5
 Passage of Golubria      Tloc           N/A          4%          4
 Alistair's Intoxication  Tmut/Pois      ######...    4%          5
 Orb of Destruction       Conj           #######...   5%          7
 Call Canine Familiar     Summ           ###.....     6%          3
 Frozen Ramparts          Ice            ###...       6%          3
 Ozocubu's Armour         Ice            ###.....     6%          3
 Dragon Form              Tmut           ######....   7%          7
 Animate Dead             Necr           ####......   9%          4
 Metabolic Englaciation   Hex/Ice        #####.....   16%         5
 Silence                  Hex/Air        #####.....   16%         5
 Summon Mana Viper        Hex/Summ       #####...     16%         5
 Conjure Ball Lightning   Conj/Air       ######....   16%         6
 Starburst                Conj/Fire      ######....   16%         6
 Eringya's Noxious Bog    Tmut/Pois      ######....   19%         6
 Olgreb's Toxic Radiance  Pois           ###.....     21%         4
 Summon Ice Beast         Ice/Summ       ###.....     21%         4
 Summon Lightning Spire   Summ/Air       ###.....     21%         4
 Lehudib's Crystal Spear  Conj/Erth      #######...   21%         8
 Agony                    Necr           ####....     22%         5
 Summon Forest            Summ/Tloc      ####......   24%         5
 Invisibility             Hex            ######..     24%         6
 Freezing Cloud           Conj/Ice/Air   #####.....   38%         6
 Spellforged Servitor     Conj/Summ      ######....   58%         7
 Death Channel            Necr           ####......   71%         6
 Shatter                  Erth           #######...   80%         9
 Simulacrum               Ice/Necr       ####......   85%         6
 Ozocubu's Refrigeration  Ice            ###.......   92%         6
 Shadow Creatures         Summ           N/A          92%         6
 Necromutation            Tmut/Necr      ######....   98%         8
 Malign Gateway           Summ/Tloc      ####......   99%         7
 Chain Lightning          Conj/Air       ######....   99%         8
 Haunt                    Necr/Summ      ####......   100%        7
 Summon Hydra             Summ           ###.......   100%        7
 Borgnjor's Revivificati  Necr           ####......   100%        8
 Disjunction              Tloc           #####.....   100%        8
 Ignition                 Fire           ###.......   100%        8
 Infestation              Necr           ####......   100%        8
 Absolute Zero            Ice            ###.......   100%        9
 Death's Door             Necr           ####......   100%        9
 Fire Storm               Conj/Fire      ######....   100%        9
 Tornado                  Air            ###.......   100%        9


Dungeon Overview and Level Annotations

Branches:
Dungeon (15/15)            Temple (1/1) D:5            Lair (6/6) D:8
 Shoals (4/4) Lair:2       Spider (4/4) Lair:2        Slime (5/5) Lair:5
    Orc (2/2) D:12            Elf (3/3) Orc:2        Vaults (5/5) D:13
  Crypt (3/3) Vaults:3       Tomb (0/3) Crypt:3      Depths (5/5) D:15
    Zot (0/5) Depths:5      Sewer (visited)         Desolation (visited)

Altars:
Ashenzari
Cheibriados
Dithmenos
Elyvilon
Fedhas
Gozag
Hepliaklqana
Kikubaaqudgha
Makhleb
Nemelex Xobeh
Okawaru
Qazlal
Ru
Sif Muna
Trog
Uskayaw
Vehumet
Wu Jian
Xom
Yredelemnul
Zin
The Shining One
Beogh
Jiyva

Shops:
D:7 (   D:8 *[=*(!   D:9 *:   D:11 [   D:12 [   D:13 *?   D:14 (   Orc:1 (
Orc:2 [=*:   Elf:3 !   Shoals:2 (:   Depths:1 }=(=   Depths:2 !}[*
Depths:5 *((

Portals:
Hell: Depths:1 Depths:2 Depths:3 Depths:4 Depths:5
Abyss: Depths:4
Pandemonium: Depths:3 Depths:5
Ziggurat: Depths:4

Annotations:
Lair:2 2 transporters, Junaliek's ghost, journeyman MiFi
Lair:4 exclusion: 4 oklob plants
Elf:2 3 runed translucent doors
Vaults:1 3 runed translucent doors, Dacon's ghost, adept MiGl
Vaults:2 3 runed translucent doors, Zenkrye's ghost, adept FoAK
Vaults:3 2 runed translucent doors, Kipt's ghost, adept SpFE


Innate Abilities, Weirdness & Mutations

You can walk through water.
Your dull iron-grey scales are very hard. (AC +17)
You cannot fit into any form of body armour.
You can survive without breathing.
You are cold-blooded and may be slowed by cold attacks.
You have a pair of small antennae on your head.
Your magical capacity is very low. (-20% MP)
You are robust. (+10% HP)
Your spells are a little harder to cast, but a little more powerful.


Message History

Aiming: Lee's Rapid Deconstruction (safe; 1% risk of failure)
Press: ? - help, Dir - move target cursor A heavily etched crystal wall.
The crystal wall shatters!
The blast of crystal shards hits the quicksilver dragon!!
The quicksilver dragon is almost dead.
The quicksilver dragon is no longer distracted by gold.
The blast of crystal shards hits the yaktaur captain!!!
You kill the yaktaur captain!
Your condenser vane (2/2) has regained one charge.
You feel a bit more experienced.
Unknown command.
Unknown command.
You hit the quicksilver dragon. You burn the quicksilver dragon.
The quicksilver dragon is almost dead.
The quicksilver dragon breathes dispelling energy at you.
The bolt of dispelling energy hits you!!!
Your magical effects are unravelling.
You die...
Your body crumbles into a pile of gold.

#$$ #.$ $.#
### .# #..{
$ °.#####
##.##...
#..##?##
#@##!):##
#D#).$.)###
#.H)$φ(/}.#
###[H?.(#.#
##?=?## #
##)## ..#
###


You could see a quicksilver dragon (catching breath) and a sphinx.

Vanquished Creatures
  the Royal Jelly (Slime:5)
  Dissolution (Slime:5)
  An ancient lich (Crypt:3)
  Mara (Depths:1)
  A juggernaut (Depths:4)
  Sojobo (Crypt:3)
  Frederick (Depths:5)
  5 caustic shrikes (Depths:5)
  2 golden dragons (Depths:4)
  A bone dragon (Crypt:2)
  Arachne (Spider:3)
  Nikola (Shoals:4)
  12 liches
  2 tentacled monstrosities
  A shard shrike skeleton (Crypt:1)
  3 titans
  2 quicksilver dragons
  2 ancient champions (Crypt:1)
  A deep elf master archer (Elf:3)
  A deep elf blademaster (Elf:3)
  3 krakens
  6 sphinxes
  Polyphemus (Shoals:4)
  26 acid blobs
  4 revenants
  4 shadow dragons
  Donald (Vaults:2)
  8 tengu reavers
  A nagaraja (Depths:3)
  Roxanne (D:14)
  10 fire giants
  5 deep elf sorcerers
  A draconian knight (Depths:5)
  13 azure jellies
  An imperial myrmidon (Desolation)
  An iron dragon (Depths:4)
  Louise (D:14)
  3 ghost moths
  10 vault wardens
  3 orc warlords
  2 curse skulls
  A draconian scorcher (Depths:5)
  4 emperor scorpions
  A balrug (Depths:5)
  15 ironheart preservers
  9 ghouls (Crypt:1)
  18 frost giants
  5 deep elf elementalists
  A reaper (Crypt:2)
  3 war gargoyles
  18 stone giants
  5 entropy weavers
  9 deep elf demonologists
  9 vampire knights
  17 very ugly things
  11 deep elf annihilators
  Nessos (D:12)
  A yellow draconian (Depths:3)
  2 white draconians (Depths:5)
  A minotaur (Depths:3)
  2 spark wasps (Spider:4)
  4 red draconians
  4 merfolk javelineers (Shoals:4)
  3 black draconians
  15 ettins
  8 deep elf death magi
  2 eidola
  Josephine (D:14)
  16 yaktaur captains
  5 crystal guardians (Desolation)
  14 fire dragons
  11 great orbs of eyes
  4 merfolk impalers
  5 jiangshi
  10 death oozes
  11 hydras
  9 deep elf high priests
  10 ice dragons
  6 rakshasas
  Fannar (Lair:3)
  6 servants of whispers (Desolation)
  7 ragged hierophants (Desolation)
  A naga warrior (Depths:3)
  11 boulder beetles
  6 merfolk avatars
  35 vault guards
  5 peacekeepers (Desolation)
  Erica (D:10)
  An alligator snapping turtle (Shoals:4)
  4 spriggan air magi
  A two-headed ogre (shapeshifter) (Elf:3)
  51 two-headed ogres
  A catoblepas (Shoals:4)
  21 centaur warriors
  6 death knights
  A satyr (Shoals:4)
  12 deep troll shamans
  4 merfolk aquamancers
  9 orc high priests
  6 death yaks
  8 deep troll earth magi
  5 tengu warriors
  11 vampire magi
  12 ogre magi
  A spriggan (Depths:3)
  3 spriggan berserkers (Depths:3)
  27 deep elf knights
  3 soul eaters (Crypt:1)
  2 sun demons (Depths:5)
  Sonja (Lair:1)
  Nergalle (Lair:4)
  2 salamander mystics (Depths:3)
  16 hell knights
  37 skeletal warriors
  A fire crab (Shoals:4)
  7 unseen horrors
  3 iron trolls
  29 deep trolls
  7 sea snakes
  A storm dragon zombie (Crypt:1)
  A glowing orange brain (shapeshifter) (Vaults:5)
  2 storm dragon skeletons
  A spark wasp zombie (Crypt:1)
  An unseen horror (shapeshifter) (Vaults:4)
  An anaconda zombie (Crypt:3)
  4 wizards
  7 necromancers
  20 deep elf archers
  12 orc knights
  2 harpies
  2 glowing orange brains
  2 flayed ghosts
  A lindwurm (Lair:6)
  A harpy (shapeshifter) (Vaults:3)
  A golden dragon skeleton (Crypt:1)
  Pikel (D:5)
  6 phantasmal warriors
  17 ironbrand convokers
  19 orb spiders
  2 shadow dragon zombies
  21 wolf spiders
  62 deep elf magi
  9 fauns
  A stone giant zombie (Crypt:3)
  5 orc sorcerers
  An anaconda skeleton (Crypt:3)
  30 ugly things
  4 shining eyes
  11 cyclopes
  A manticore (shapeshifter) (Depths:2)
  A salamander (Depths:4)
  A fire giant zombie (Crypt:3)
  A salamander (shapeshifter) (Depths:4)
  16 manticores
  Maurice (D:9)
  16 elephants
  An iron dragon skeleton (Crypt:1)
  5 guardian serpents
  A black mamba (shapeshifter) (D:14)
  9 merfolk sirens
  A guardian serpent (shapeshifter) (Vaults:3)
  Psyche (D:10)
  A moth of wrath (Spider:4)
  A fire giant skeleton (Crypt:1)
  6 water nymphs
  10 black mambas
  20 vault sentinels
  3 eyes of devastation
  3 torpor snails
  A torpor snail (shapeshifter) (D:14)
  8 gargoyles
  13 cane toads
  4 naga magi (Depths:3)
  6 smoke demons
  4 molten gargoyles
  19 komodo dragons
  32 yaktaurs
  A catoblepas zombie (Crypt:1)
  2 titan simulacra
  4 kobold demonologists
  6 rime drakes
  A komodo dragon (shapeshifter) (Vaults:2)
  2 dire elephant skeletons
  19 demonic crawlers
  A green draconian zombie (Crypt:1)
  3 efreet
  8 freezing wraiths
  4 red devils
  7 tengu conjurers
  A grey draconian skeleton (Crypt:2)
  A guardian mummy (Crypt:3)
  14 trolls
  A polar bear (Lair:6)
  32 jumping spiders
  A jumping spider (shapeshifter) (Vaults:2)
  A meliai (D:15)
  A queen bee (shapeshifter) (Depths:1)
  16 hornets
  27 merfolk
  9 wind drakes
  25 blink frogs
  2 merfolk (shapeshifter)
  A wind drake (shapeshifter) (Vaults:2)
  A dream sheep (shapeshifter) (Vaults:4)
  A hydra skeleton (Crypt:3)
  A bog body (Crypt:1)
  A frost giant simulacrum (Crypt:1)
  5 snapping turtles
  A blink frog (shapeshifter) (Vaults:1)
  55 saltlings (Desolation)
  4 dream sheep (Shoals:4)
  An ice dragon skeleton (Crypt:3)
  2 centaur simulacra (D:15)
  108 slime creatures
  4 air elementals
  38 tarantellas
  11 wraiths
  6 vampires (Depths:2)
  9 shadows
  A tarantella (shapeshifter) (Elf:3)
  63 yaks
  73 redbacks
  9 wyverns
  Sigmund (D:2)
  7 fire elementals
  2 ushabtiu (Crypt:3)
  4 fire bats
  7 basilisks
  21 water elementals
  A hog (shapeshifter) (Vaults:4)
  A human (shapeshifter) (Vaults:1)
  7 vampire mosquitoes
  4 steam dragons
  A warg (shapeshifter) (Vaults:2)
  An acid dragon (D:14)
  Edmund (D:3)
  A soldier ant (shapeshifter) (D:15)
  A yaktaur simulacrum (Vaults:2)
  12 wargs
  A harpy simulacrum (D:14)
  A soldier ant (D:15)
  A cane toad zombie (Crypt:3)
  A merfolk skeleton (Crypt:3)
  3 floating eyes
  12 water moccasins
  A gelid demonspawn skeleton (Crypt:1)
  4 hell hounds (Lair:6)
  A cane toad skeleton (Crypt:3)
  9 ice beasts
  48 orc warriors
  An ice beast (shapeshifter) (Depths:1)
  A two-headed ogre skeleton (Crypt:2)
  An eye of draining (shapeshifter) (Elf:3)
  A sky beast (D:7)
  4 black bears
  10 eyes of draining
  3 phantoms
  5 necrophages
  30 ogres
  9 boggarts
  21 centaurs
  26 wolves
  A boggart (shapeshifter) (Depths:4)
  2 swamp dragon skeletons (Crypt:3)
  4 lemures (D:5)
  Blork the orc (D:5)
  A manticore skeleton (Crypt:1)
  A cyclops zombie (Crypt:2)
  4 earth elementals
  27 bullfrogs
  A gnoll sergeant (D:8)
  A wyvern skeleton (D:15)
  4 scorpions
  A troll zombie (Crypt:2)
  2 spectral wolves (Depths:2)
  16 killer bees
  12 electric eels
  3 vampire bats (D:9)
  21 wights
  3 howler monkeys
  A crimson imp (Depths:4)
  5 lava snakes (Lair:6)
  2 quasits
  2 bullfrog zombies (D:11)
  6 centaur zombies
  7 jellies
  A hound (shapeshifter) (Vaults:5)
  14 hounds
  44 orc priests
  8 bullfrog skeletons
  5 centaur skeletons
  2 gnoll shamans
  4 iguanas
  An iron imp (Depths:5)
  13 worker ants
  29 orc wizards
  4 hell rats (Lair:6)
  An ogre zombie (Crypt:2)
  A deep dwarf skeleton (Crypt:1)
  A hound zombie (D:7)
  2 hound skeletons
  8 mummies (Crypt:3)
  Robin (D:4)
  25 gnolls
  10 adders
  5 white imps
  An ufetubus (D:8)
  6 oozes
  2 adder skeletons
  An iguana skeleton (Crypt:2)
  4 dart slugs
  7 leopard geckos
  124 orcs
  9 giant cockroaches
  14 goblins
  9 hobgoblins
  10 jackals
  3 quokkas
  A ball python (D:6)
  11 bats
  11 frilled lizards
  A gnoll skeleton (Crypt:1)
  A hobgoblin zombie (Crypt:2)
  A jackal skeleton (D:4)
  A jackal zombie (D:5)
  9 kobolds
  2 kobold skeletons (Crypt:1)
  An orc skeleton (Crypt:1)
  2 quokka zombies
  5 rats
  2 fulminant prisms
  12 tentacles
2624 creatures vanquished.

Vanquished Creatures (others)
  A fire giant (Vaults:4)
  2 vault wardens
  A vampire knight (Depths:2)
  A centaur warrior (Vaults:2)
  An ogre mage (Vaults:2)
  18 dancing weapons
  A two-headed ogre (Vaults:3)
  A hell knight (Crypt:3)
  A deep troll (Vaults:4)
  A sea snake (Shoals:3)
  2 deep elf magi (Elf:2)
  A yaktaur (Vaults:1)
  A wind drake (Shoals:3)
  A dream sheep (Shoals:4)
  A snapping turtle (Shoals:4)
  An air elemental (D:14)
  2 water elementals
  A steam dragon (Shoals:3)
  A hell hound (Lair:6)
  An ogre (Vaults:5)
  An orc wizard (Orc:2)
  An orc (Orc:2)
  212 fulminant prisms
  52 fungi
  89 plants
  21 tentacles
  61 withered plants (Crypt:3)
477 creatures vanquished.

Grand Total: 3101 creatures vanquished

Notes
Turn   | Place    | Note
-------+----------+-------------------------------------------
     0 | D:1      | marklar909 the Draconian Conjurer began the quest for the
                  | Orb.
     0 | D:1      | Reached XP level 1. HP: 14/14 MP: 3/3
   260 | D:1      | Reached XP level 2. HP: 20/20 MP: 3/5
  1065 | D:2      | Reached XP level 3. HP: 26/26 MP: 2/6
  1069 | D:2      | Learned a level 2 spell: Searing Ray
  1073 | D:2      | Learned a level 3 spell: Dazzling Flash
  1217 | D:2      | Found a white marble altar of Elyvilon.
  1217 | D:2      | Found an ornate altar of the Wu Jian Council.
  1217 | D:2      | Found a blossoming altar of Fedhas.
  1480 | D:2      | Noticed Sigmund
  1766 | D:2      | Gained mutation: You are agile. (Dex +2) [potion of
                  | mutation]
  1766 | D:2      | Gained mutation: You are somewhat resistant to further
                  | mutation. [potion of mutation]
  2228 | D:3      | Found a stormy altar of Qazlal.
  2371 | D:3      | Reached skill level 5 in Conjurations
  2763 | D:4      | Reached XP level 4. HP: 33/33 MP: 3/8
  2939 | D:4      | Reached XP level 5. HP: 30/38 MP: 4/9
  3065 | D:2      | Killed Sigmund
  3065 | D:2      | Reached XP level 6. HP: 38/45 MP: 2/11
  3461 | D:2      | Learned a level 4 spell: Fulminant Prism
  3756 | D:4      | Noticed Edmund
  3757 | D:4      | Noticed Robin
  4044 | D:3      | Killed Edmund
  4044 | D:3      | Reached skill level 1 in Fighting
  4044 | D:3      | Reached skill level 1 in Short Blades
  4044 | D:3      | Your scales start taking on a dull iron-grey colour.
  4044 | D:3      | Reached XP level 7. HP: 47/52 MP: 0/13
  4044 | D:3      | Gained mutation: You can survive without breathing. [Grey
                  | Draconian growth]
  4216 | D:4      | Killed Robin
  4346 | D:4      | Reached skill level 1 in Hexes
  4875 | D:4      | Learned a level 4 spell: Iskenderun's Mystic Blast
  4901 | D:5      | Entered Level 5 of the Dungeon
  5316 | D:5      | Found a glowing golden altar of the Shining One.
  5455 | D:5      | Noticed Pikel
  5489 | D:5      | Killed Pikel
  5489 | D:5      | Reached skill level 5 in Spellcasting
  5489 | D:5      | Reached XP level 8. HP: 20/59 MP: 0/15
  5807 | D:5      | Found a staircase to the Ecumenical Temple.
  5826 | Temple   | Entered the Ecumenical Temple
  5889 | Temple   | Became a worshipper of Gozag Ym Sagoz the Greedy
  5966 | D:5      | Reached skill level 1 in Long Blades
  6120 | D:5      | Noticed Blork the orc
  6129 | D:5      | Killed Blork the orc
  6435 | D:6      | Reached skill level 2 in Long Blades
  6584 | D:6      | Reached XP level 9. HP: 67/67 MP: 9/17
  6676 | D:6      | Found a shimmering altar of Xom.
  6700 | D:6      | Found a glowing drain.
  6715 | Sewer    | Entered a sewer
  6954 | Sewer    | Reached skill level 3 in Long Blades
  7205 | D:6      | Noticed an angel
  7206 | D:6      | Found a glowing silver altar of Zin.
  7214 | D:6      | Found a hide-covered altar of Uskayaw.
  7448 | D:6      | Found a bloodstained altar of Trog.
  8066 | D:7      | Found Linnecof's Antique Weapon Shoppe.
  8156 | D:7      | Bought a scimitar for 100 gold pieces
  8163 | D:7      | Found a hazy altar of Hepliaklqana.
  8879 | D:7      | Found a sacrificial altar of Ru.
  8907 | D:7      | Reached skill level 5 in Stealth
  8936 | D:7      | Found a bloodstained altar of Trog.
  9048 | D:7      | Identified the ring "Ynweimu" {*Corrode +Inv rN+ Stlth+}
  9057 | D:7      | Noticed a cyclops
  9481 | D:7      | Reached skill level 4 in Long Blades
  9625 | D:7      | Identified the amulet of Qybesam {Faith MR+}
  9627 | D:7      | Identified the cursed ring of Qeiteleotz {rN+ MP+9 EV-4
                  | Int-5 SInv}
  9984 | D:7      | Killed a cyclops
  9984 | D:7      | Reached XP level 10. HP: 73/75 MP: 4/20
 10097 | D:7      | Got a slimy tin ring
 10237 | D:7      | Identified the ring of Insomnia {Wiz rN+} (You found it on
                  | level 7 of the Dungeon)
 11578 | D:8      | Reached skill level 1 in Translocations
 11940 | D:8      | Found a staircase to the Lair.
 12939 | D:9      | Found Wunoafow's Changing Room.
 13022 | D:9      | Found Jeveuroff's Book Emporium.
 13096 | D:9      | You fall into a shaft and drop 3 floors!
 13097 | D:12     | Noticed a five-headed hydra
 13101 | D:12     | Noticed a green ugly thing
 13115 | D:12     | Found Kadeitr Zeutt's Armour Emporium.
 13118 | D:12     | Found a staircase to the Orcish Mines.
 13156 | D:12     | Reached skill level 5 in Long Blades
 13417 | D:12     | Bought a +0 pair of gloves for 63 gold pieces
 13511 | D:12     | Killed a green ugly thing
 13526 | D:12     | Killed a two-headed hydra
 13526 | D:12     | Reached XP level 11. HP: 33/82 MP: 2/23
 13804 | D:12     | Noticed a two-headed ogre
 13816 | D:12     | Killed a two-headed ogre
 13936 | D:12     | Noticed Nessos
 14038 | D:11     | Noticed a sixfirhy
 14944 | D:12     | Reached skill level 5 in Dodging
 15087 | D:12     | Noticed a two-headed ogre
 15107 | D:12     | Killed a two-headed ogre
 15244 | D:12     | You fall into a shaft and drop 1 floor!
 15257 | D:13     | Noticed a +3 long sword
 15434 | D:13     | Noticed a skeletal warrior
 15435 | D:13     | Noticed a skeletal warrior
 15616 | D:12     | Reached skill level 10 in Conjurations
 15704 | D:10     | Entered Level 10 of the Dungeon
 16147 | D:9      | Reached skill level 6 in Long Blades
 16148 | D:9      | Noticed Maurice
 16191 | D:9      | Killed Maurice
 16461 | D:9      | Found a broken altar of Ashenzari.
 17187 | D:10     | Reached skill level 1 in Throwing
 17392 | D:10     | Noticed a two-headed ogre
 17399 | D:10     | Noticed a two-headed ogre
 17427 | D:10     | Killed a two-headed ogre
 17489 | D:10     | Killed a two-headed ogre
 17489 | D:10     | Reached XP level 12. HP: 60/93 MP: 1/25
 17750 | D:10     | Noticed Erica
 17764 | D:10     | Killed Erica
 18023 | D:10     | Reached skill level 7 in Long Blades
 18570 | D:10     | Noticed Psyche
 18578 | D:10     | Killed Psyche
 18754 | D:10     | Reached skill level 5 in Fighting
 18758 | D:10     | Learned a level 2 spell: Blink
 19452 | D:11     | Found Cunagit's Armour Boutique.
 19724 | D:12     | Noticed a two-headed ogre
 19734 | D:12     | Killed a two-headed ogre
 19925 | D:12     | Reached skill level 10 in Spellcasting
 19925 | D:12     | Reached skill level 5 in Hexes
 20827 | D:12     | Killed Nessos
 21056 | D:12     | Noticed a centaur warrior
 21069 | D:12     | Killed a centaur warrior
 21069 | D:12     | Reached skill level 8 in Long Blades
 21329 | D:12     | Reached skill level 5 in Shields
 21346 | D:12     | Learned a level 5 spell: Blade Hands
 21352 | D:12     | Learned a level 5 spell: Lee's Rapid Deconstruction
 21807 | D:12     | Reached skill level 1 in Earth Magic
 22070 | D:12     | Reached skill level 1 in Transmutations
 22453 | D:11     | Bought the +2 hood of the Assassin {Detection Stab+
                  | Stlth++} for 900 gold pieces
 22453 | D:11     | Found the +2 hood of the Assassin {Detection Stab+ Stlth++}
 22519 | Lair:1   | Entered Level 1 of the Lair of Beasts
 22528 | Lair:1   | Reached XP level 13. HP: 84/101 MP: 27/27
 23626 | Lair:1   | Noticed Sonja
 23629 | Lair:1   | Killed Sonja
 23991 | Lair:2   | Found a hole to the Spider Nest.
 24105 | Lair:2   | Noticed Junaliek's ghost (journeyman MiFi)
 24220 | Lair:2   | Learned a level 6 spell: Invisibility
 24340 | Lair:2   | Found a staircase to the Shoals.
 24354 | Lair:2   | Reached skill level 9 in Long Blades
 25015 | Lair:2   | Found a transporter.
 25015 | Lair:2   | Found a transporter.
 26588 | Lair:3   | Noticed Fannar
 26967 | Lair:3   | Reached skill level 5 in Earth Magic
 27132 | Lair:3   | Killed Fannar
 28092 | Lair:4   | Reached skill level 10 in Long Blades
 28092 | Lair:4   | Reached XP level 14. HP: 111/111 MP: 16/28
 28303 | Lair:4   | Found the +4 Cigotuvi's embrace {rRot *Drain rN+}
 28971 | Lair:4   | Got a smoking hat
 28972 | Lair:4   | Identified the +1 hat of Ziwn {rPois Str+2 Stlth+} (You
                  | found it on level 4 of the Lair of Beasts)
 29435 | Lair:4   | Noticed Nergalle
 29452 | Lair:4   | Killed Nergalle
 30114 | Lair:5   | Reached skill level 5 in Transmutations
 30724 | Lair:5   | Found a white marble altar of Elyvilon.
 31465 | Lair:5   | Found a runed translucent door.
 31466 | Lair:5   | Found a viscous altar of Jiyva.
 31633 | Lair:5   | Found a staircase to the Slime Pits.
 31934 | Lair:6   | Entered Level 6 of the Lair of Beasts
 32767 | Lair:6   | Reached skill level 11 in Long Blades
 33694 | Lair:6   | Found a large runed translucent door.
 33719 | Lair:6   | Found a large runed translucent door.
 34531 | Lair:3   | Reached skill level 1 in Evocations
 34531 | Lair:3   | Reached XP level 15. HP: 46/118 MP: 6/29
 35283 | Orc:1    | Entered Level 1 of the Orcish Mines
 35283 | Orc:1    | Found Qofrylan's Antique Weapon Boutique.
 35424 | Orc:1    | Found a roughly hewn altar of Beogh.
 36115 | Orc:1    | Learned a level 6 spell: Iron Shot
 36124 | Orc:2    | Entered Level 2 of the Orcish Mines
 36124 | Orc:2    | Found a roughly hewn altar of Beogh.
 37412 | Orc:2    | Found a staircase to the Elven Halls.
 37456 | Orc:2    | Noticed an orc warlord
 37472 | Orc:2    | Killed an orc warlord
 40036 | Orc:2    | Found Meolooz's Armour Shoppe.
 40039 | Orc:2    | Found Zeuwemuost's General Store.
 40040 | Orc:2    | Found Muplacku's Book Shoppe.
 40041 | Orc:2    | Found Papnudgh's Jewellery Emporium.
 40514 | D:13     | Found a gate to the Vaults.
 40702 | D:13     | Found a white marble altar of Elyvilon.
 40783 | D:13     | Found Maduhe's Assorted Antiques.
 41274 | D:13     | Found Coaquyck's Magic Scroll Shop.
 41288 | D:13     | Bought a scroll of fog for 32 gold pieces
 41288 | D:13     | Bought 3 scrolls of identify for 96 gold pieces
 41533 | D:14     | Noticed Louise
 41780 | D:14     | Noticed Josephine
 41785 | D:14     | Killed Josephine
 42003 | D:14     | Killed Louise
 42003 | D:14     | Reached skill level 12 in Long Blades
 42628 | D:14     | Found a large runed translucent door.
 42628 | D:14     | Found a large runed translucent door.
 43137 | D:14     | Noticed Roxanne
 43841 | D:14     | Found a sacrificial altar of Ru.
 44465 | D:14     | Killed Roxanne
 44465 | D:14     | Reached skill level 10 in Earth Magic
 44667 | D:14     | Learned a level 5 spell: Irradiate
 44719 | D:15     | Entered Level 15 of the Dungeon
 45097 | D:15     | HP: 5/121 [boulder beetle (55)]
 45382 | D:14     | Bought a glowing demon blade for 558 gold pieces
 45463 | D:15     | Reached XP level 16. HP: 128/128 MP: 15/30
 46054 | D:15     | Found an ornate altar of the Wu Jian Council.
 46055 | D:15     | Found a bloodstained altar of Trog.
 46055 | D:15     | Found a glowing golden altar of the Shining One.
 47443 | D:15     | Noticed a sphinx
 47613 | D:14     | Upgraded the game from 0.26-a0-712-ga5a9c9c9d0 to
                  | 0.26-a0-720-g2a1d101370
 47862 | D:15     | Found a staircase to the Depths.
 48083 | D:15     | Killed a sphinx
 48114 | D:15     | Identified the ring "Umakaus" {rPois rF+++ rN+ Str-5 Dex-4}
 48150 | D:15     | Reached skill level 13 in Long Blades
 48157 | D:15     | Noticed a sphinx
 48181 | D:15     | Killed a sphinx
 48644 | D:15     | Got a bloodstained falchion
 49492 | D:13     | Bought a scroll of identify for 32 gold pieces
 49492 | D:13     | Bought a scroll of identify for 32 gold pieces
 49492 | D:13     | Bought a scroll of enchant weapon for 120 gold pieces
 49527 | D:13     | Bought a runed wooden wand for 112 gold pieces
 49527 | D:13     | Bought a scroll of teleportation for 84 gold pieces
 49527 | D:13     | Bought a scroll of teleportation for 84 gold pieces
 49741 | Shoals:1 | Entered Level 1 of the Shoals
 50660 | Shoals:1 | Reached XP level 17. HP: 138/138 MP: 31/31
 51243 | Shoals:2 | Found Ohuj's Book Shoppe.
 51269 | Shoals:2 | Reached skill level 10 in Dodging
 51327 | Shoals:2 | Found Cyfacafi's Antique Weapon Shop.
 51336 | Shoals:2 | Bought a scorched falchion for 232 gold pieces
 51490 | Shoals:2 | Noticed a kraken
 51856 | Shoals:2 | Killed a kraken
 52627 | Shoals:2 | Identified the cursed +1 falchion "Deamaogh" {chaos, rF+}
                  | (You bought it in a shop on level 2 of the Shoals)
 52629 | Shoals:2 | Identified a scroll of acquirement
 53424 | Shoals:3 | Noticed a kraken
 53431 | Shoals:3 | Killed a kraken
 53431 | Shoals:3 | Reached skill level 10 in Fighting
 54392 | Shoals:4 | Entered Level 4 of the Shoals
 54454 | Shoals:4 | HP: 1/140 [alligator snapping turtle (37)]
 56010 | Shoals:4 | Reached skill level 10 in Transmutations
 56325 | Shoals:4 | Reached skill level 14 in Long Blades
 56461 | Shoals:4 | Noticed a kraken
 56467 | Shoals:4 | Killed a kraken
 56509 | Shoals:4 | Got a barnacled rune of Zot
 56892 | Shoals:4 | Noticed Nikola
 56910 | Shoals:4 | Killed Nikola
 56913 | Shoals:4 | Noticed Polyphemus
 56950 | Shoals:4 | Killed Polyphemus
 57963 | D:8      | Identified the +6 falchion "Beetleslayer" {holy, Int+4}
                  | (You found it on level 15 of the Dungeon)
 57983 | D:8      | Acquired 588 gold pieces
 58035 | D:8      | Learned a level 6 spell: Statue Form
 58122 | Spider:1 | Entered Level 1 of the Spider Nest
 58125 | Spider:1 | You fall into a shaft and drop 1 floor!
 58222 | Spider:2 | Reached XP level 18. HP: 148/149 MP: 0/33
 59381 | Spider:3 | Noticed Arachne
 59487 | Spider:3 | Killed Arachne
 60581 | Spider:4 | Entered Level 4 of the Spider Nest
 61146 | Spider:4 | Reached skill level 10 in Shields
 62403 | Spider:4 | Got a gossamer rune of Zot
 63293 | Spider:1 | Reached XP level 19. HP: 158/158 MP: 21/34
 63485 | Lair:2   | Acquired the +2 shield of Resistance {rF++ rC++ MR++}
 63486 | Lair:2   | Found the +2 shield of Resistance {rF++ rC++ MR++}
 64057 | Elf:1    | Entered Level 1 of the Elven Halls
 64664 | Elf:1    | Reached skill level 10 in Stealth
 65177 | Elf:1    | Found a runed translucent gate.
 65177 | Elf:1    | Found a runed translucent gate.
 65177 | Elf:1    | Found a runed translucent gate.
 65177 | Elf:1    | Found a runed translucent gate.
 65177 | Elf:1    | Found a runed translucent gate.
 65196 | Elf:1    | Found a runed translucent gate.
 67786 | Elf:2    | Found a runed translucent gate.
 67786 | Elf:2    | Found a runed translucent gate.
 67786 | Elf:2    | Found a runed translucent gate.
 68115 | Elf:3    | Entered Level 3 of the Elven Halls
 68115 | Elf:3    | Found Ihitutihif's Distillery.
 68313 | Elf:3    | Reached skill level 5 in Evocations
 68361 | Elf:3    | Bought a potion of ambrosia for 112 gold pieces
 68361 | Elf:3    | Bought a potion of mutation for 112 gold pieces
 68361 | Elf:3    | Bought a potion of curing for 42 gold pieces
 68361 | Elf:3    | Bought a potion of heal wounds for 70 gold pieces
 68361 | Elf:3    | Bought a potion of cancellation for 112 gold pieces
 68361 | Elf:3    | Bought a potion of might for 56 gold pieces
 68361 | Elf:3    | Bought a potion of might for 56 gold pieces
 68361 | Elf:3    | Bought a potion of brilliance for 56 gold pieces
 68361 | Elf:3    | Bought a potion of flight for 42 gold pieces
 69333 | Elf:3    | Reached XP level 20. HP: 167/167 MP: 2/36
 70907 | Elf:3    | Identified Dezoemakh's Tome of Transformation
 71275 | Vaults:1 | Entered Level 1 of the Vaults
 71547 | Vaults:1 | Found a runed translucent gate.
 71547 | Vaults:1 | Found a runed translucent gate.
 71547 | Vaults:1 | Found a runed translucent gate.
 71986 | Vaults:1 | Reached skill level 15 in Long Blades
 73650 | Vaults:1 | Noticed Dacon's ghost (adept MiGl)
 73651 | Vaults:1 | Found an iron altar of Okawaru.
 73897 | Vaults:2 | HP: 10/218 [lich/crystal spear (57)]
 75045 | Vaults:2 | Found a runed translucent gate.
 75045 | Vaults:2 | Found a runed translucent gate.
 75046 | Vaults:2 | Found a runed translucent gate.
 75047 | Vaults:2 | Noticed Zenkrye's ghost (adept FoAK)
 75143 | Vaults:2 | Found a huge runed gate.
 75143 | Vaults:2 | Found a huge runed gate.
 75143 | Vaults:2 | Found a huge runed gate.
 75143 | Vaults:2 | Found a huge runed gate.
 75143 | Vaults:2 | Found a huge runed gate.
 75144 | Vaults:2 | Found a huge runed gate.
 75144 | Vaults:2 | Found a huge runed gate.
 75144 | Vaults:2 | Found a huge runed gate.
 75144 | Vaults:2 | Found a huge runed gate.
 75144 | Vaults:2 | Found a huge runed gate.
 75145 | Vaults:2 | Found a huge runed gate.
 75145 | Vaults:2 | Found a huge runed gate.
 75146 | Vaults:2 | Found a huge runed gate.
 75147 | Vaults:2 | Found a huge runed gate.
 75148 | Vaults:2 | Found a huge runed gate.
 75156 | Vaults:2 | Found a huge runed gate.
 75156 | Vaults:2 | Found a huge runed gate.
 75156 | Vaults:2 | Found a huge runed gate.
 75156 | Vaults:2 | Found a huge runed gate.
 75156 | Vaults:2 | Found a huge runed gate.
 75156 | Vaults:2 | Found a huge runed gate.
 75156 | Vaults:2 | Found a huge runed gate.
 75157 | Vaults:2 | Found a huge runed gate.
 75158 | Vaults:2 | Found a huge runed gate.
 75166 | Vaults:2 | Found a huge runed gate.
 75166 | Vaults:2 | Found a huge runed gate.
 75166 | Vaults:2 | Found a huge runed gate.
 75166 | Vaults:2 | Found a huge runed gate.
 75166 | Vaults:2 | Found a huge runed gate.
 75166 | Vaults:2 | Found a huge runed gate.
 75167 | Vaults:2 | Found a huge runed gate.
 75168 | Vaults:2 | Found a huge runed gate.
 75169 | Vaults:2 | Found a huge runed gate.
 75277 | Vaults:2 | Found a huge runed gate.
 75277 | Vaults:2 | Found a huge runed gate.
 75277 | Vaults:2 | Found a huge runed gate.
 75722 | Vaults:2 | Noticed Donald
 75735 | Vaults:2 | Killed Donald
 75848 | Vaults:2 | Reached XP level 21. HP: 157/176 MP: 32/38
 76974 | Vaults:3 | Found a staircase to the Crypt.
 77519 | Vaults:3 | Found a large runed translucent door.
 77519 | Vaults:3 | Found a large runed translucent door.
 77520 | Vaults:3 | Noticed Kipt's ghost (adept SpFE)
 78024 | Vaults:3 | Gained mutation: Scrolls take you a little longer to read.
                  | [mutagenic glow]
 79196 | Vaults:4 | Identified the Incunabulum of Lethal Weightlessness
 79293 | Vaults:4 | Found a ruined gateway.
 79309 | Desolati | Entered the Desolation of Salt
 79597 | Desolati | Identified Sif Muna's Guide on Bewitching Toxins
 79753 | Desolati | Found the +8 mithril axe "Arga" {speed, MR+}
 80015 | Desolati | Identified Sif Muna's Incunabulum of Congealing Battle
                  | Magic
 80018 | Desolati | Got a scorched brass amulet
 80100 | Desolati | Reached XP level 22. HP: 129/187 MP: 18/39
 80519 | Desolati | Got a crude bone ring
 80520 | Desolati | Identified Howiat's Reference Book on Battle Magic and
                  | Stolen Souls
 80915 | Vaults:4 | Reached skill level 16 in Long Blades
 82473 | Vaults:4 | Identified the amulet of Qugor {Inacc rPois rC- Dex+2} (You
                  | found it in the Desolation of Salt)
 82476 | Vaults:4 | Identified the ring of Extoikho {Ice Str+4 Int+5 Dex-5}
                  | (You found it in the Desolation of Salt)
 82822 | D:8      | Bought a potion of curing for 60 gold pieces
 82822 | D:8      | Bought a potion of curing for 60 gold pieces
 82822 | D:8      | Bought a potion of heal wounds for 100 gold pieces
 82826 | D:8      | Bought a pair of spiked gloves for 209 gold pieces
 82826 | D:8      | Bought a scroll of magic mapping for 77 gold pieces
 82828 | D:8      | Identified the cursed +0 pair of gloves of Ufuziefo {*Drain
                  | rElec Str+4 SInv} (You bought it in a shop on level 8 of
                  | the Dungeon)
 82849 | D:8      | Bought an embroidered cloak for 270 gold pieces
 82874 | D:8      | Bought a wand of acid (9) for 494 gold pieces
 83150 | Crypt:1  | Entered Level 1 of the Crypt
 83160 | Crypt:1  | Learned a level 4 spell: Dispel Undead
 83189 | Crypt:1  | HP: 12/244 [ancient champion/iron shot (53)]
 84176 | Crypt:1  | Reached skill level 1 in Necromancy
 84218 | Crypt:1  | HP: 8/245 [something (7)]
 84925 | Crypt:1  | Paralysed by something for 3 turns
 84956 | Crypt:1  | Reached skill level 15 in Earth Magic
 85365 | Crypt:1  | Lost mutation: Scrolls take you a little longer to read.
                  | [potion of mutation]
 85365 | Crypt:1  | Lost mutation: You are agile. (Dex +2) [potion of mutation]
 85365 | Crypt:1  | Gained mutation: Scrolls take you a little longer to read.
                  | [potion of mutation]
 85366 | Crypt:1  | Lost mutation: Scrolls take you a little longer to read.
                  | [potion of mutation]
 85366 | Crypt:1  | Lost mutation: You are somewhat resistant to further
                  | mutation. [potion of mutation]
 85366 | Crypt:1  | Gained mutation: You have a pair of small antennae on your
                  | head. [potion of mutation]
 85366 | Crypt:1  | Gained mutation: You have a pair of antennae on your head.
                  | [potion of mutation]
 85366 | Crypt:1  | Gained mutation: Your spells are a little harder to cast,
                  | but a little more powerful. [potion of mutation]
 87461 | Crypt:2  | Reached XP level 23. HP: 195/195 MP: 34/41
 87692 | Crypt:3  | Entered Level 3 of the Crypt
 90318 | Crypt:3  | Noticed Sojobo
 91031 | Crypt:3  | Killed Sojobo
 91348 | Crypt:3  | Found an ancient bone altar of Kikubaaqudgha.
 91384 | Crypt:3  | Noticed an ancient lich
 91417 | Crypt:3  | Killed an ancient lich
 91578 | Crypt:3  | Identified the Volume of Heat and Transmigration
 92035 | Crypt:3  | Found a staircase to the Tomb.
 92419 | Depths:1 | Entered Level 1 of the Depths
 92419 | Depths:1 | Found Juyt's Jewellery Shop.
 92439 | Depths:1 | Found Kusis's Jewellery Boutique.
 92470 | Depths:1 | Noticed Mara
 92470 | Depths:1 | Gained mutation: Your magical capacity is low. (-10% MP)
                  | [mutagenic glow]
 92493 | Depths:1 | Noticed marklar909's illusion
 92714 | Depths:1 | Killed Mara
 93067 | Depths:1 | Found a gateway to Hell.
 93140 | Depths:1 | Found Nuiteheimi's Weapon Shoppe.
 93381 | Depths:1 | Reached skill level 15 in Spellcasting
 93573 | Depths:1 | Found Enyik's Gadget Emporium.
 93919 | Depths:2 | Reached skill level 15 in Fighting
 94085 | Depths:2 | Reached XP level 24. HP: 196/206 MP: 4/37
 94224 | Depths:2 | Identified the +3 robe of Summertime {rElec Int-3 Dex+2}
 94521 | Depths:2 | Found Doreetzi's Gadget Boutique.
 94705 | Depths:2 | Found an ancient bone altar of Kikubaaqudgha.
 94738 | Depths:2 | Found a roughly hewn altar of Beogh.
 94957 | Depths:2 | Reached skill level 17 in Long Blades
 95448 | Depths:2 | Found The Legendary Kap Wuel's Legendary Smithy.
 95470 | Depths:2 | Found Xizorph's General Store.
 95571 | Depths:2 | Found a bloodstained altar of Trog.
 95626 | Depths:2 | Found Damn's Miraculous Elixirs.
 96204 | Depths:3 | Found a one-way gate leading to the halls of Pandemonium.
 96216 | Depths:3 | Found an iron altar of Okawaru.
 97036 | Depths:3 | Reached skill level 15 in Shields
 97419 | Depths:3 | Paralysed by a floating eye for 3 turns
 98723 | Depths:4 | Reached skill level 15 in Dodging
 98770 | Depths:4 | Found a gateway to a ziggurat.
 98803 | Depths:4 | Found a flickering gateway to a bazaar.
 98812 | Bazaar   | Entered a bazaar
 98857 | Bazaar   | Found Louf's Armour Shop.
 98865 | Bazaar   | Bought a +2 pair of boots of running for 415 gold pieces
 98882 | Bazaar   | Found Jayxt's Book Boutique.
 98890 | Bazaar   | Bought a book of Annihilations for 1435 gold pieces
 98901 | Bazaar   | Found Cedageu's Armour Shop.
 98930 | Bazaar   | Found Vafabri's Weapon Shop.
 98959 | Bazaar   | Found Lagy's Book Shop.
 99009 | Depths:4 | Reached XP level 25. HP: 216/216 MP: 34/38
 99043 | Depths:4 | Paralysed by a floating eye for 2 turns
 99554 | Depths:4 | Found a one-way gate to the infinite horrors of the Abyss.
 99950 | Depths:4 | Noticed a juggernaut
 99962 | Depths:4 | Killed a juggernaut
100503 | Depths:5 | Entered Level 5 of the Depths
101062 | Depths:5 | Noticed Frederick
101069 | Depths:5 | Killed Frederick
101485 | Depths:5 | Found a gate to the Realm of Zot.
103030 | Depths:5 | Bought a glittering marble ring for 115 gold pieces
103030 | Depths:5 | Bought the +0 pair of fencer's gloves {Riposte Dex+3} for
                  | 920 gold pieces
103030 | Depths:5 | Found the +0 pair of fencer's gloves {Riposte Dex+3}
103043 | Depths:5 | Identified the ring of Woleisch {Dex+2 SInv} (You bought it
                  | in a shop on level 5 of the Depths)
103496 | Orc:2    | Bought an uncursed amulet of reflection for 450 gold pieces
103866 | Slime:1  | Entered Level 1 of the Pits of Slime
104339 | Slime:1  | Reached skill level 18 in Long Blades
104791 | Slime:1  | You fall into a shaft and drop 1 floor!
105196 | Slime:2  | Reached XP level 26. HP: 89/227 MP: 27/38
107575 | Slime:5  | Entered Level 5 of the Pits of Slime
107704 | Slime:5  | Gained mutation: You tend to lose your temper in combat. [a
                  | shining eye]
108206 | Slime:4  | Lost mutation: You have a pair of antennae on your head.
                  | [potion of mutation]
108206 | Slime:4  | Lost mutation: You tend to lose your temper in combat.
                  | [potion of mutation]
108206 | Slime:4  | Gained mutation: Your magical capacity is very low. (-20%
                  | MP) [potion of mutation]
108206 | Slime:4  | Gained mutation: You are robust. (+10% HP) [potion of
                  | mutation]
108244 | Slime:5  | Noticed the Royal Jelly
108254 | Slime:5  | Killed the Royal Jelly
108866 | Slime:5  | Noticed Dissolution
108874 | Slime:5  | Killed Dissolution
108935 | Slime:5  | Got a coiled golden ring
108945 | Slime:5  | Identified the Tome of Orientation
108971 | Slime:5  | Got a slimy rune of Zot
108972 | Slime:5  | Identified Liyg's Tome of Earthen Conjuration
108982 | Slime:5  | Identified Riqiq's Compendium of Damaging Malediction
109407 | Slime:5  | Identified the ring of the Scavenger {rF- Str+5 Int+9 SInv
                  | Stlth-} (You found it on level 5 of the Pits of Slime)
109786 | D:13     | Bought a scroll of immolation for 56 gold pieces
110111 | Vaults:5 | Entered Level 5 of the Vaults
110119 | Vaults:5 | Reached skill level 15 in Stealth
110510 | Vaults:5 | Noticed an ancient lich
110546 | Vaults:5 | Killed from afar by a quicksilver dragon

Illustrated notes

Levels and vault maps discovered:
D:1:      heliophobic_arrival_enchanted_forest, layout_basic, fountainhead
D:2:      layout_basic, gammafunk_temple_overflow_forgotten, uniq_sigmund
D:3:      layout_loops_ring, grunt_qazlal_sundering
D:4:      layout_basic, serial_rivers, chequers_serial_rivers_micro_e,
          chequers_serial_rivers_large_a, chequers_serial_rivers_micro_e,
          chequers_serial_rivers_micro_c, chequers_serial_rivers_small_b,
          chequers_serial_rivers_micro_a, uniq_edmund, uniq_robin
D:5:      layout_rooms, nicolae_overflow_hidden_temple,
          minmay_temple_entry_tees, uniq_pikel, uniq_blork_the_orc
D:6:      layout_basic, zin_angel, xom_teletrap_fun, trog_ov_bears_minmay,
          eat_drink_and_be_merry_uskayaw, cheibrodos_sewer_entry_drain
D:7:      minmay_the_grid_triangle_9x9_rhombus_thin
          [minmay_the_grid_triangle_9x9_corrupted_corridor,
          minmay_the_grid_triangle_9x9_prize_special,
          minmay_the_grid_triangle_9x9_corruption,
          minmay_the_grid_triangle_9x9_sprig], layout_rooms,
          kennysheep_little_box, serial_shops, shop, basic_altar, hex_large,
          nicolae_ru_awakened_eye
D:8:      layout_basic, erik_lair_island, serial_park_tiny_pond
D:9:      layout_gridville, ashenzari_altar_1, serial_shops, shop,
          roderic_batcave, nicolae_transmutations_shop, uniq_maurice
D:10:     argonaut_augean_stables, layout_basic, chequers_serial_rivers_small_3,
          minmay_fountain_box, uniq_psyche, uniq_erica
D:11:     layout_rooms, serial_shops, nicolae_shop_stone
D:12:     minmay_quarter_circles, layout_layer_cave, orc_david_3, uniq_nessos
D:13:     layout_long_grid, erik_vaults_1, serial_shops, shop, shop,
          elyvilon_altar_1
D:14:     layout_cave_pods, lemuel_statue_altar, lightli_elemental_guards,
          uniq_louise, uniq_roxanne, uniq_josephine
D:15:     hangedman_slaughterboxes, serial_shops
Temple:   minmay_freezing_vapour_temple
Lair:1:   layout_gridlike, uniq_sonja
Lair:2:   layout_gridlike, shoals_dummy_entry, spider_nest_entry_a,
          gammafunk_ghost_hive, guppyfry_lair_drakes, serial_bayou_shore_a
Lair:3:   layout_roguey, beast_lair_carwin_4, uniq_fannar
Lair:4:   dragon1_lemuel, layout_loops_ring, grunt_megastairs_1,
          minmay_lair_oklob_chamber, lemuel_fruit_tree,
          infiniplex_staircase_pool, uniq_nergalle
Lair:5:   layout_hall_layers, slime_altar_2, basic_altar,
          chequers_serial_rivers_room_a, serial_bayou_ford_a,
          beast_lair_carwin_1
Lair:6:   cheibrodos_lair_end_hotspot, layout_loops_ring
Shoals:1: layout_shoals, yaktaur_hedge
Shoals:2: layout_shoals, serial_shops, shop, nicolae_shop_statue_plus
Shoals:3: layout_shoals, nicolae_shoals_drake_roost
Shoals:4: shoals_end_hangedman, layout_shoals, hangedman_shoal_volcano,
          uniq_polyphemus, uniq_nikola
Spider:1: layout_spider_delve, drop_trap
Spider:2: layout_spider_delve
Spider:3: layout_spider_delve, uniq_arachne
Spider:4: guppyfry_spider_rune
Slime:1:  layout_caves
Slime:2:  layout_caves
Slime:3:  layout_caves
Slime:4:  layout_caves
Slime:5:  uniq_dissolution
Orc:1:    layout_caves, basic_altar, serial_shops, shop
Orc:2:    st_orc_pillars, layout_caves, mines2_david
Elf:1:    layout_geoelf_octagon, orc_legates
Elf:2:    layout_geoelf_diagonals, minmay_checkered_concentric_circles
Elf:3:    minmay_elf_hall_curves, layout_geoelf_octagon, serial_shops,
          nicolae_shop_stone
Vaults:1: gammafunk_vaults_ghost_fury_of_okawaru, hangedman_vaults_corner,
          v_alt_pattern_5, vaults_mumra_chevron,
          nicolae_vaults_windows_and_doors_thing, v_pattern_4,
          nicolae_vaults_little_squares_5, ontoclasm_vaults_gallery, v_misc_31,
          ontoclasm_vaults_loading_screen, layout_vaults_quadrants
Vaults:2: gammafunk_vaults_ghost_tricky_traps, nicolae_vaults_little_squares_6,
          ontoclasm_vaults_gateway, ontoclasm_vaults_ring_small,
          grunt_vaults_funneled_arena, vaults_dpeg_encased_lava,
          nicolae_vaults_little_squares_6, v_misc_17, v_alt_pattern_3,
          v_alt_pattern_4, nicolae_vaults_theta, vaults_not_door_vault_mu,
          grunt_vaults_twisty, ontoclasm_vaults_chip, vaults_room_semicircle,
          layout_vaults_omnibox, uniq_donald
Vaults:3: ebering_vaults_ghost_disaster_area, v_misc_17, st_smaller_cells,
          vaults_mumra_minichess_inversion, vaults_mumra_chevron_long,
          ontoclasm_vaults_claustrophobia, vaults_dpeg_ring,
          nicolae_vaults_theta, grunt_vaults_hallway_long,
          layout_vaults_chaotic_city, blue_anna_dwarven_crypt
Vaults:4: hangedman_vaults_restitches, nicolae_vaults_specimen_jars, v_misc_12,
          ontoclasm_vaults_chip, ontoclasm_vaults_shout,
          vaults_standard_mumra_enter_the_diamond, v_misc_25, v_alt_pattern_6,
          hangedman_vaults_trim, vaults_dpeg_diagonal, v_misc_17,
          ontoclasm_vaults_ring_small, nicolae_vaults_little_squares_3,
          nicolae_vaults_little_squares_6, layout_vaults_ring,
          portal_desolation_entry_garden
Vaults:5: serial_shops
Crypt:1:  layout_misc_corridors
Crypt:2:  layout_rooms
Crypt:3:  quadcrypt_mu, uniq_sojobo
Depths:1: layout_cave_pools, serial_shops, shop, shop, shop, nicolae_shop_stone,
          minivault_11, hell_entry, kennysheep_generic_room_15, uniq_mara
Depths:2: grated_community_mu [grated_community_mu_vampire_home,
          grated_community_mu_giant_home, grated_community_mu_spellcaster_home,
          grated_community_mu_orcish_home, grated_community_mu_troll_home,
          grated_community_mu_taur_home, grated_community_mu_unbuilt_plot],
          layout_cave_pools, hell_entry, minmay_crystal_room, serial_shops,
          nicolae_shop_behind_doors, moated_statue
Depths:3: hangedman_six_sided_sadism, layout_twisted_cross,
          okawaru_ov_weapons_minmay, pan_entry, hell_entry, serial_bayou_shore_b
Depths:4: kennysheep_water_balloons, layout_basic, enter_ziggurat_a,
          abyss_entry_small_statue_room, serial_shops, bzr_entry_dummy,
          hellmouth_1, st_stairs_13, kennysheep_random_hallway
Depths:5: grunt_zot_entry_tricorne, layout_cave_shapes, nrook_uturn,
          rand_demon_pan_entry_9, lightli_too_deep, uniq_frederick

Skill      XL: |  1  2  3  4  5  6  7  8  9 10 11 12 13 14 15 16 17 18 19 20 21 22 23 24 25 26 |
---------------+-------------------------------------------------------------------------------+-----
Dodging        | 2 3 4 5 6 7 8 9 10 11 12 13 14 15 16 | 16.5
Conjurations   | 5 6 7 8 9 10 11 12 13 14 | 14.2
Stealth        | 2 3 5 6 7 8 9 10 11 13 14 15 | 15.0
Spellcasting   | 3 4 5 7 8 9 10 11 12 13 14 15 16 | 16.3
Fighting       | 1 2 3 4 5 6 7 8 9 10 11 12 13 14 15 16 17 | 17.7
Short Blades   | 1 |  1.3
Hexes          | 2 3 4 5 6 |  6.0
Shields        | 2 3 4 5 6 7 8 9 10 11 12 13 14 15 16 17 | 17.4
Long Blades    | 2 4 5 6 8 10 11 12 13 14 15 16 17 18 | 18.6
Translocations | 2 3 |  3.7
Throwing       | 1 2 4 |  4.1
Earth Magic    | 1 5 8 10 11 13 14 15 16 17 | 17.1
Transmutations | 1 4 6 8 10 11 12 13 | 13.4
Evocations     | 1 6 7 |  7.8
Necromancy     | 1 |  1.9

Action                   |  1- 3 |  4- 6 |  7- 9 | 10-12 | 13-15 | 16-18 | 19-21 | 22-24 | 25-27 || total
-------------------------+-------+-------+-------+-------+-------+-------+-------+-------+-------++-------
Melee: Dagger            |     5 |     2 |       |       |       |       |       |       |       ||     7
       Tailslap          |       |     1 |    13 |    49 |   193 |   302 |   247 |   369 |   215 ||  1389
       Long sword        |       |       |    51 |       |       |       |       |       |       ||    51
       Scimitar          |       |       |    19 |   142 |   953 |     8 |       |       |       ||  1122
       Falchion          |       |       |       |    80 |       |       |     2 |   634 |       ||   716
       Unarmed           |       |       |       |       |     1 |       |       |       |       ||     1
       Demon blade       |       |       |       |       |    18 |  1843 |  1418 |  1210 |   943 ||  5432
       Double sword      |       |       |       |       |       |       |       |   255 |       ||   255
Throw: Dart              |       |       |     2 |    12 |     4 |   259 |    55 |    28 |       ||   360
 Cast: Magic Dart        |    72 |    33 |   106 |   157 |    81 |       |       |       |       ||   449
       Searing Ray       |     4 |    13 |    88 |   146 |   149 |    11 |       |       |       ||   411
       Fulminant Prism   |       |       |    12 |    66 |   116 |    11 |     9 |       |       ||   214
       Dazzling Flash    |       |       |     6 |    16 |    42 |    35 |    58 |    13 |       ||   170
       Iskenderun's Myst |       |       |       |    14 |    61 |    18 |     2 |       |     2 ||    97
       Blade Hands       |       |       |       |       |     1 |       |       |       |       ||     1
       Lee's Rapid Decon |       |       |       |       |    19 |    26 |   105 |   121 |    13 ||   284
       Iron Shot         |       |       |       |       |     4 |    23 |     6 |    16 |     1 ||    50
       Irradiate         |       |       |       |       |     1 |    67 |    47 |    82 |    47 ||   244
       Statue Form       |       |       |       |       |       |     5 |    21 |    65 |    18 ||   109
       Dispel Undead     |       |       |       |       |       |       |       |    14 |       ||    14
       Blink             |       |       |       |       |       |       |       |     2 |       ||     2
Invok: Potion Petition   |       |       |       |     1 |     1 |    11 |     4 |     5 |     1 ||    23
       Call Merchant     |       |       |       |       |     1 |       |       |     6 |     3 ||    10
 Abil: Evoke Invisibilit |       |       |       |       |       |       |    37 |     1 |       ||    38
Evoke: Wand              |       |       |       |     7 |     5 |     7 |     5 |     1 |       ||    25
       Lightning rod     |       |       |       |       |     2 |    14 |     3 |       |       ||    19
       Tin of tremorston |       |       |       |       |       |     5 |       |       |     3 ||     8
       Condenser vane    |       |       |       |       |       |       |     1 |     1 |     1 ||     3
       Phantom mirror    |       |       |       |       |       |       |     1 |     1 |       ||     2
       Box of beasts     |       |       |       |       |       |       |     2 |       |     3 ||     5
  Use: Scroll            |     7 |     1 |     1 |    18 |    18 |    12 |     9 |    10 |     8 ||    84
       Potion            |     3 |       |     1 |     1 |     4 |     2 |     3 |     8 |     9 ||    31
 Stab: Invisible         |       |       |     7 |     3 |    24 |    29 |    62 |     6 |       ||   131
       Distracted        |       |       |     1 |     3 |    14 |    19 |    14 |    25 |    13 ||    89
       Sleeping          |       |       |     1 |     2 |    19 |    22 |    88 |    34 |    21 ||   187
       Paralysed         |       |       |       |       |       |       |     2 |       |     1 ||     3
       Petrifying        |       |       |       |       |       |       |       |       |     2 ||     2
       Confused          |       |       |       |       |       |       |       |       |     1 ||     1
Armor: Skin              |    10 |     4 |    40 |   237 |   559 |   777 |   331 |   759 |   324 ||  3041
Dodge: Dodged            |    15 |    10 |    81 |   285 |   879 |  1146 |   721 |  1186 |   570 ||  4893
Block: Buckler           |       |       |    25 |   110 |   183 |   199 |       |       |       ||   517
       Kite shield       |       |       |       |       |   409 |   862 |   684 |  1324 |   706 ||  3985
       Reflection        |       |       |       |       |       |    13 |       |       |     5 ||    18
       Rpst.: Long sword |       |       |    14 |       |       |       |       |       |       ||    14
       Scimitar          |       |       |     4 |    49 |   236 |     1 |       |       |       ||   290
       Falchion          |       |       |       |    17 |       |       |     2 |    68 |       ||    87
       Demon blade       |       |       |       |       |     1 |   206 |   165 |   105 |   134 ||   611
       Double sword      |       |       |       |       |       |       |       |    29 |       ||    29

Table legend: (Time is in decaauts)
 A = Elapsed time spent in this place.
 B = Non-inter-level travel time spent in this place.
 C = Inter-level travel time spent in this place.
 D = Time resting spent in this place.
 E = Time spent auto-exploring this place.
 F = Levels seen in this place.
 G = Mean time per level.
                   A        B        C        D        E       F      G
               +--------+--------+--------+--------+--------+-----+--------+
         Total | 110306 |  98425 |  11881 |  25690 |  51802 |  56 | 1969.8 |
       Dungeon |  35291 |  29507 |   5784 |   7787 |  16264 |  15 | 2352.7 |
        Temple |     70 |     70 |      0 |      0 |     56 |   1 |   70.0 |
          Lair |  13612 |  12241 |   1371 |   2980 |   7083 |   6 | 2268.7 |
        Shoals |   7482 |   7011 |    471 |   2017 |   3613 |   4 | 1870.5 |
   Spider Nest |   5212 |   4908 |    304 |    832 |   2777 |   4 | 1303.0 |
    Slime Pits |   4882 |   4720 |    162 |   1375 |   2553 |   5 |  976.4 |
  Orcish Mines |   5832 |   5489 |    343 |   3218 |   1365 |   2 | 2916.0 |
   Elven Halls |   6198 |   5543 |    655 |   1662 |   2298 |   3 | 2066.0 |
        Vaults |  10860 |   9642 |   1218 |   2654 |   4708 |   5 | 2172.0 |
         Crypt |   9013 |   8239 |    774 |   2247 |   4250 |   3 | 3004.3 |
        Depths |   9865 |   9069 |    796 |    770 |   5700 |   5 | 1973.0 |
        Bazaar |    173 |    173 |      0 |      0 |    133 |   1 |  173.0 |
         Sewer |    353 |    353 |      0 |     10 |    249 |   1 |  353.0 |
    Desolation |   1457 |   1457 |      0 |    134 |    749 |   1 | 1457.0 |
               +--------+--------+--------+--------+--------+-----+--------+

Top non-repeatable levels by time:
    D:12: 6765 daAuts
    D:15: 4089 daAuts
    D:14: 4024 daAuts
 Crypt:3: 3988 daAuts
 Crypt:1: 3459 daAuts
Vaults:1: 3292 daAuts
   Orc:1: 3283 daAuts
Vaults:3: 2975 daAuts
     D:7: 2903 daAuts
Shoals:4: 2894 daAuts
     D:8: 2894 daAuts
Depths:2: 2712 daAuts
   Orc:2: 2548 daAuts
  Lair:3: 2547 daAuts
  Lair:6: 2531 daAuts
